 Dungeon Crawl Stone Soup version 0.32-a0-705-g60f233581c (webtiles) character file.

Game seed: 18284726332026271393

235 BeKind the Shooter (level 5, -3/47 HPs)
             Began as a Minotaur Hunter on Mar 15, 2024.
             Was an Initiate of Okawaru.
             Slain by a black bear (7 damage)
             ... on level 5 of the Dungeon.
             The game lasted 00:04:09 (2070 turns).

BeKind the Shooter (Minotaur Hunter)                Turns: 2070, Time: 00:04:10

Health: -3/47      AC:  3    Str: 16    XL:     5   Next: 76%
Magic:  4/4        EV: 12    Int:  6    God:    Okawaru [......]
Gold:   115        SH:  0    Dex: 15    Spells: 4/4 levels left

rFire   . . .        a - +0 shortbow
rCold   . . .        (shield currently unavailable)
rNeg    . . .        c - +0 leather armour
rPois   .            (helmet restricted)
rElec   .            (no cloak)
rCorr   .            (no gloves)
SInv    .            (no boots)
Will    .....        g - amulet of magic regeneration
Stlth   ++           (no ring)
HPRegen 0.27/turn    (no ring)
MPRegen 0.49/turn

%: no passive effects
@: about to teleport
A: horns 2, retaliatory headbutt
a: Renounce Religion


You were on level 5 of the Dungeon.
You worshipped Okawaru.
Okawaru was noncommittal.
You visited 1 branch of the dungeon, and saw 5 of its levels.

You collected 115 gold pieces.

Inventory:

Hand Weapons
 a - a +0 shortbow (weapon)
Armour
 c - a +0 leather armour (worn)
Jewellery
 g - an amulet of magic regeneration (around neck)
 p - an amulet of guardian spirit
Wands
 u - a wand of flame (8)
Scrolls
 b - a scroll of butterflies
 d - 2 scrolls of teleportation
 e - a scroll of noise
 i - a scroll of amnesia
 l - 2 scrolls of vulnerability {unknown}
 m - 2 scrolls of identify
 n - a scroll of blinking {unknown}
 o - a scroll of fog {unknown}
 q - a scroll of enchant armour {unknown}
 r - 2 scrolls of poison {unknown}
 s - a scroll of silence {unknown}
 v - a scroll of torment {unknown}
Potions
 f - 2 potions of lignification {unknown}
 h - 2 potions of might {unknown}
 j - a potion of heal wounds {unknown}
 k - a potion of degeneration {unknown}
 t - a potion of enlightenment {unknown}


   Skills:
 + Level 4.4 Fighting
 + Level 5.5 Ranged Weapons
 + Level 3.9 Dodging
 - Level 2.1 Stealth


You had 4 spell levels left.
You didn't know any spells.
Your spell library contained the following spells:

 Spells                   Type           Power      Damage    Failure   Level
 Inner Flame              Hex/Fire       0%         N/A       88%         3
 Anguish                  Hex/Necr       0%         N/A       99%         4
 Cause Fear               Hex            0%         N/A       99%         4
 Irradiate                Conj/Alch      0%         3d11      100%        5
 Enfeeble                 Hex            0%         N/A       100%        7
 Ignition                 Fire           0%         3d3       100%        8


Dungeon Overview and Level Annotations

Branches:
Dungeon (5/15)             Temple (0/1) D:4

Altars:
Gozag
Okawaru

Annotations:
D:4 Pikel


Innate Abilities, Weirdness & Mutations

You have a pair of horns on your head.
You reflexively headbutt those who attack you in melee.


Message History

You are too injured to fight recklessly!
You are too injured to fight recklessly!
Unknown command.
You are too injured to fight recklessly!
You shoot an arrow. The arrow hits the orc wizard.
The orc wizard is almost dead.
The orc wizard hits you but does no damage.
You shoot an arrow.
The arrow hits the orc wizard but does no damage.
The orc wizard is almost dead.
The orc wizard gestures wildly while chanting.
The orc wizard flickers and vanishes!
Deactivating autopickup; reactivate with Ctrl-A.
You shoot an arrow. Okawaru accepts your kill.
Reactivating autopickup.
You feel a bit more experienced. The orc hits you but does no damage.
You shoot an arrow. The arrow closely misses the orc.
The arrow hits the orc priest.
The orc priest is moderately wounded.
Okay, then.
Okay, then.
You shoot an arrow. The arrow hits the black bear.
The black bear is lightly wounded.
The orc priest looks satisfied for a moment.
You shoot an arrow. The arrow barely misses the black bear.
The arrow barely misses the orc priest.
The black bear bites you. The black bear claws you.
The black bear barely misses you.
You shoot an arrow.
The arrow hits the black bear but does no damage.
The black bear is lightly wounded.
The black bear bites you.
* * * LOW HITPOINT WARNING * * *
The black bear claws you.
* * * LOW HITPOINT WARNING * * *
The black bear claws you.
* * * LOW HITPOINT WARNING * * *
As you read the scroll of teleportation, it crumbles to dust.
You feel strangely unstable. The black bear bites you!
You die... #. ... #. #.. #. .. #. .. #)##. oo.

#h# #@#
#.......#
..#######


You could see a black bear, an orc priest and an orc.

Vanquished Creatures
  A scorpion (D:4)
  2 iguanas
  An orc wizard (D:5)
  3 adders
  A dart slug (D:2)
  3 orcs
  5 ball pythons
  5 endoplasms
  3 giant cockroaches
  5 goblins
  5 hobgoblins
  2 jackals (D:1)
  7 kobolds
  6 quokkas
  11 bats
  5 frilled lizards
  4 rats
69 creatures vanquished.

Vanquished Creatures (others)
  An orc priest (D:5)
  2 orc wizards (D:5)
  2 orcs (D:5)
5 creatures vanquished.

Grand Total: 74 creatures vanquished

Notes
Turn   | Place    | Note
-------+----------+-------------------------------------------
     0 | D:1      | BeKind the Minotaur Hunter began the quest for the Orb.
     0 | D:1      | Reached XP level 1. HP: 18/18 MP: 0/0
    36 | D:1      | Reached skill level 1 in Stealth
    58 | D:1      | Reached XP level 2. HP: 19/25 MP: 1/1
   219 | D:1      | Found a faded altar of an unknown god.
   544 | D:2      | Reached XP level 3. HP: 31/31 MP: 2/2
   640 | D:2      | Reached XP level 4. HP: 12/38 MP: 3/3
   754 | D:2      | Found an iron altar of Okawaru.
   778 | D:2      | Became a worshipper of Warmaster Okawaru
  1009 | D:2      | Reached skill level 5 in Ranged Weapons
  1491 | D:3      | Found an opulent altar of Gozag.
  1757 | D:4      | Reached XP level 5. HP: 17/46 MP: 4/4
  1863 | D:4      | Found a staircase to the Ecumenical Temple.
  1979 | D:4      | Noticed Pikel
  1979 | D:4      | Noticed a lemure
  2034 | D:5      | Entered Level 5 of the Dungeon
  2058 | D:5      | Noticed a black bear
  2070 | D:5      | Slain by a black bear

Illustrated notes

Levels and vault maps discovered:
D:1:      amcnicky_arrival_abandoned_market, layout_rooms,
          hellmonk_ecumenical_altar_run_dry, feat_on_display
D:2:      layout_rooms, basic_altar
D:3:      layout_loops_cross, mainiacjoe_overflow_six_doors_small
D:4:      cheibrodos_fertilizer, layout_cave_pods,
          minmay_temple_entry_junction_2, uniq_pikel
D:5:      layout_rooms, ebering_ghost_reflecting_pool, lemuel_flamethrower_2

Skill      XL: |  1  2  3  4  5 |
---------------+----------------+-----
Stealth        | 1 2 |  2.1
Fighting       | 3 4 |  4.4
Dodging        | 3 |  3.9
Ranged Weapons | 5 |  5.5

Action                     |  1- 3 |  4- 6 || total
---------------------------+-------+-------++-------
   Fire: Shortbow          |    93 |   105 ||   198
    Use: Scroll            |       |     4 ||     4
 Armour: Leather armour    |    26 |    40 ||    66
  Dodge: Dodged            |    30 |    28 ||    58

Table legend: (Time is in decaauts)
 A = Elapsed time spent in this place.
 B = Non-inter-level travel time spent in this place.
 C = Inter-level travel time spent in this place.
 D = Time resting spent in this place.
 E = Time spent auto-exploring this place.
 F = Levels seen in this place.
 G = Mean time per level.
                   A        B        C        D        E       F      G
               +--------+--------+--------+--------+--------+-----+--------+
         Total |   2106 |   2025 |     81 |      0 |   1632 |   5 |  421.2 |
       Dungeon |   2106 |   2025 |     81 |      0 |   1632 |   5 |  421.2 |
               +--------+--------+--------+--------+--------+-----+--------+

Top non-repeatable levels by time:
     D:3: 638 daAuts
     D:2: 596 daAuts
     D:1: 543 daAuts
     D:4: 291 daAuts
     D:5: 38 daAuts
